[Event "1st Chartres GM 2020"]
[Site "Chartres"]
[Date "2020.09.30"]
[Round "1.2"]
[White "Lamard, Guillaume"]
[Black "Maurizzi, Marc Andria"]
[Result "1-0"]
[ECO "B30"]
[WhiteElo "2486"]
[BlackElo "2433"]
[Annotator "ChessBase"]
[PlyCount "45"]
[EventDate "2020.09.30"]
[EventType "tourn"]
[EventCountry "FRA"]
[SourceTitle "playchess.com"]
[Source "ChessBase"]
[SourceQuality "1"]
[TimeControl "5400+30"]

1. e4 c5 2. Nf3 Nc6 3. Bb5 e6 4. O-O Nge7 5. Re1 Nd4 6. Nxd4 cxd4 7. d3 a6 8. Bc4 Nc6 9. a4 Be7 10. Nd2 d5 11. exd5 exd5 12. Bb3 O-O 13. Qh5 Be6 14. Nf3 h6 15. Bd2 Bf6 16. a5 Qd7 17. h3 Rac8 18. Nh2 Bd8 19. Ng4 Bc7 20. Nxh6+ gxh6 21. Bxh6 Ne7 22. Qg5+ Ng6 23. Qf6 1-0

[Event "1st Chartres GM 2020"]
[Site "Chartres"]
[Date "2020.09.30"]
[Round "1.3"]
[White "Guliyev, Namig"]
[Black "Loiseau, Quentin"]
[Result "1-0"]
[ECO "C86"]
[WhiteElo "2529"]
[BlackElo "2457"]
[Annotator "ChessBase"]
[PlyCount "78"]
[EventDate "2020.09.30"]
[EventType "tourn"]
[EventCountry "FRA"]
[SourceTitle "playchess.com"]
[Source "ChessBase"]
[SourceQuality "1"]
[TimeControl "5400+30"]

1. e4 e5 2. Nf3 Nc6 3. Bb5 a6 4. Ba4 Nf6 5. O-O Be7 6. Qe2 b5 7. Bb3 O-O 8. c3 d5 9. d3 h6 10. exd5 Nxd5 11. Nxe5 Nxe5 12. Qxe5 Bb7 13. Bxd5 Bxd5 14. Bf4 Bb7 15. Qxc7 Qd5 16. f3 Rfe8 17. d4 Bf8 18. Nd2 Rac8 19. Qa5 Qf5 20. Bg3 Re2 21. Rf2 Rce8 22. Qc7 R2e7 23. Qf4 Qd5 24. Nb3 f5 25. Qd2 g5 26. Be5 Re6 27. Re1 Qd7 28. Nc1 Bd5 29. b3 Qa7 30. Nd3 Rc8 31. h4 Rg6 32. hxg5 hxg5 33. Bh2 f4 34. Ne5 Re6 35. g3 Bg7 36. gxf4 gxf4 37. Bxf4 Rf8 38. Rg2 b4 39. c4 Ba8 1-0

[Event "1st Chartres GM 2020"]
[Site "Chartres"]
[Date "2020.09.30"]
[Round "1.4"]
[White "David, Alberto"]
[Black "Vlachos, Anatole"]
[Result "1-0"]
[ECO "C90"]
[WhiteElo "2520"]
[BlackElo "2437"]
[Annotator "ChessBase"]
[PlyCount "103"]
[EventDate "2020.09.30"]
[EventType "tourn"]
[EventCountry "FRA"]
[SourceTitle "playchess.com"]
[Source "ChessBase"]
[SourceQuality "1"]
[TimeControl "5400+30"]

1. e4 e5 2. Nf3 Nc6 3. Bb5 a6 4. Ba4 Nf6 5. d3 b5 6. Bb3 Be7 7. O-O d6 8. c3 O-O 9. Re1 Nb8 10. Nbd2 Nbd7 11. Nf1 Nc5 12. Bc2 Bb7 13. Ng3 Re8 14. d4 Ncd7 15. a4 c5 16. d5 c4 17. Nf5 Bf8 18. h3 g6 19. Nh6+ Bxh6 20. Bxh6 Nh5 21. Qd2 Nc5 22. Nh2 Rb8 23. Ng4 Bc8 24. axb5 Rxb5 25. Ra2 a5 26. Ne3 Nf4 27. Nxc4 g5 28. h4 f6 29. g3 Nh3+ 30. Kg2 Kf7 31. Rh1 Kg6 32. b4 Kxh6 33. bxc5 Rxc5 34. Ne3 Nf4+ 35. Kf1 Ng6 36. Nf5+ Bxf5 37. hxg5+ Kg7 38. gxf6+ Kxf6 39. exf5 Nf8 40. Ba4 Kxf5 41. Qh6 Ng6 42. Bxe8 Qxe8 43. Rh5+ Kf6 44. Qg5+ Kg7 45. Qh6+ Kf6 46. Rb2 Rc7 47. g4 Qa4 48. Rf5+ Ke7 49. Qxh7+ Kd8 50. Qg8+ Kd7 51. Qe6+ Kd8 52. Rb8+ 1-0

[Event "1st Chartres GM 2020"]
[Site "Chartres"]
[Date "2020.09.30"]
[Round "1.5"]
[White "Duboue, Peio"]
[Black "Dardha, Daniel"]
[Result "1/2-1/2"]
[ECO "B22"]
[WhiteElo "2439"]
[BlackElo "2468"]
[Annotator "ChessBase"]
[PlyCount "136"]
[EventDate "2020.09.30"]
[EventType "tourn"]
[EventCountry "FRA"]
[SourceTitle "playchess.com"]
[Source "ChessBase"]
[SourceQuality "1"]
[TimeControl "5400+30"]

1. e4 c5 2. c3 Nf6 3. e5 Nd5 4. d4 cxd4 5. Nf3 d6 6. cxd4 Nc6 7. Bc4 e6 8. O-O Be7 9. Bd2 O-O 10. Nc3 Nb6 11. Bb3 dxe5 12. dxe5 Nd4 13. Be3 Nf5 14. Bf4 Bd7 15. Qe2 Nh4 16. Rfd1 Ng6 17. Be3 Qe8 18. a4 Bc6 19. Nb5 Qb8 20. Nxa7 Bd5 21. Qb5 Bxb3 22. Qxb3 Nd5 23. Nb5 Nxe5 24. Nxe5 Qxe5 25. Bd4 Qf5 26. Qg3 f6 27. Nc7 Rad8 28. Nxd5 Rxd5 29. Be3 Rxd1+ 30. Rxd1 Qc2 31. Rc1 Qxa4 32. h4 Rd8 33. Qf3 Qd7 34. h5 f5 35. h6 g6 36. g3 Bf6 37. Bb6 Rc8 38. Rd1 Qc6 39. Qb3 Kf7 40. Bd4 g5 41. Bxf6 Kxf6 42. Qb4 Qc7 43. Rd6 Qc5 44. Qxb7 Rc7 45. Qa6 Qe5 46. Qb6 Rc8 47. Qb7 Qe1+ 48. Kg2 Qe4+ 49. Qxe4 fxe4 50. Rd7 Kg6 51. Rd6 Re8 52. Rd4 e3 53. fxe3 Rb8 54. b4 Kxh6 55. Re4 Kg6 56. Rxe6+ Kf5 57. Rh6 Rxb4 58. Rxh7 Rb2+ 59. Kf1 Kg4 60. Rg7 Kf3 61. Kg1 g4 62. Rf7+ Kxg3 63. Rf1 Kh3 64. Re1 Rg2+ 65. Kh1 g3 66. e4 Rh2+ 67. Kg1 Rg2+ 68. Kh1 Rh2+ 1/2-1/2

[Event "1st Chartres GM 2020"]
[Site "Chartres"]
[Date "2020.09.30"]
[Round "2.2"]
[White "Dardha, Daniel"]
[Black "Guliyev, Namig"]
[Result "1/2-1/2"]
[ECO "C47"]
[WhiteElo "2468"]
[BlackElo "2529"]
[Annotator "ChessBase"]
[PlyCount "35"]
[EventDate "2020.09.30"]
[EventType "tourn"]
[EventCountry "FRA"]
[SourceTitle "playchess.com"]
[Source "ChessBase"]
[SourceQuality "1"]
[TimeControl "5400+30"]

1. e4 e5 2. Nf3 Nf6 3. Nc3 Nc6 4. a3 Be7 5. d4 d6 6. Bb5 exd4 7. Nxd4 Bd7 8. O-O Nxd4 9. Bxd7+ Qxd7 10. Qxd4 O-O 11. h3 Rfe8 12. Bg5 h6 13. Bh4 Nh5 14. Bxe7 Qxe7 15. Rfe1 Nf4 16. Re3 Qe5 17. Qd1 c6 18. Qf1 1/2-1/2

[Event "1st Chartres GM 2020"]
[Site "Chartres"]
[Date "2020.09.30"]
[Round "2.3"]
[White "Loiseau, Quentin"]
[Black "Lamard, Guillaume"]
[Result "1/2-1/2"]
[ECO "B12"]
[WhiteElo "2457"]
[BlackElo "2486"]
[Annotator "ChessBase"]
[PlyCount "35"]
[EventDate "2020.09.30"]
[EventType "tourn"]
[EventCountry "FRA"]
[SourceTitle "playchess.com"]
[Source "ChessBase"]
[SourceQuality "1"]
[TimeControl "5400+30"]

1. e4 c6 2. d4 d5 3. e5 Bf5 4. Nf3 e6 5. Be2 Ne7 6. O-O h6 7. Nbd2 Nd7 8. Nb3 g5 9. Ne1 Qc7 10. Nd3 Bg7 11. f4 O-O-O 12. Nbc5 Bxd3 13. Nxd3 Nf5 14. c3 f6 15. g4 Nh4 16. Qe1 Rde8 17. Qg3 Ng6 18. exf6 1/2-1/2

[Event "1st Chartres GM 2020"]
[Site "Chartres"]
[Date "2020.09.30"]
[Round "2.4"]
[White "David, Alberto"]
[Black "Duboue, Peio"]
[Result "1/2-1/2"]
[ECO "C70"]
[WhiteElo "2520"]
[BlackElo "2439"]
[Annotator "ChessBase"]
[PlyCount "56"]
[EventDate "2020.09.30"]
[EventType "tourn"]
[EventCountry "FRA"]
[SourceTitle "playchess.com"]
[Source "ChessBase"]
[SourceQuality "1"]
[TimeControl "5400+30"]

1. e4 e5 2. Nf3 Nc6 3. Bb5 g6 4. c3 a6 5. Ba4 Bg7 6. d4 exd4 7. cxd4 b5 8. Bc2 d6 9. d5 Nb4 10. Bb3 a5 11. a4 Ba6 12. Na3 bxa4 13. Bc4 Qd7 14. O-O Ne7 15. Bxa6 Nxa6 16. Be3 Bxb2 17. Nc4 Bg7 18. Rxa4 O-O 19. Rxa5 Nb4 20. Nd4 Rxa5 21. Nxa5 Ra8 22. Nab3 c5 23. dxc6 Nexc6 24. Nxc6 Qxc6 25. Bd4 Qxe4 26. Bxg7 Kxg7 27. Qxd6 Ra6 28. Qd4+ Qxd4 1/2-1/2

[Event "1st Chartres GM 2020"]
[Site "Chartres"]
[Date "2020.09.30"]
[Round "2.5"]
[White "Vlachos, Anatole"]
[Black "Stephan, Victor"]
[Result "1/2-1/2"]
[ECO "B23"]
[WhiteElo "2437"]
[BlackElo "2439"]
[Annotator "ChessBase"]
[PlyCount "269"]
[EventDate "2020.09.30"]
[EventType "tourn"]
[EventCountry "FRA"]
[SourceTitle "playchess.com"]
[Source "ChessBase"]
[SourceQuality "1"]
[TimeControl "5400+30"]

1. e4 c5 2. Nc3 a6 3. g3 b5 4. Bg2 Bb7 5. d3 e6 6. f4 Nf6 7. Nh3 b4 8. Ne2 d5 9. e5 Nfd7 10. c3 Nc6 11. d4 g6 12. O-O Be7 13. g4 Qb6 14. Kh1 h5 15. f5 hxg4 16. fxe6 fxe6 17. Ng5 Nf8 18. Ng3 cxd4 19. Qxg4 Nxe5 20. Qf4 Nd3 21. Qf7+ Kd7 22. Qg7 Rh4 23. Rf7 Re8 24. cxd4 Qxd4 25. Qxd4 Rxd4 26. Be3 Rc4 27. b3 Rc2 28. Rd1 Ne5 29. Rg7 Ng4 30. Bg1 Kc8 31. Nf3 Kb8 32. Nd4 Nf2+ 33. Bxf2 Rxf2 34. Rg8 Bc5 35. Nc6+ Bxc6 36. Rc1 Nh7 37. Rxg6 Rxa2 38. Rxc5 Bb5 39. h4 Rf8 40. Rc1 Rff2 41. Rg1 Nf6 42. h5 Bd3 43. Rg7 Ne4 44. Kh2 Rf4 45. Nxe4 Rxe4 46. Kg3 Re5 47. Bf3 Rc2 48. h6 Rc7 49. Kf4 Rf5+ 50. Ke3 Rf6 51. Kxd3 Rxh6 52. Kd4 Rh3 53. Rg8+ Ka7 54. Bg4 Rxb3 55. Bxe6 Rb2 56. Bxd5 Rd2+ 57. Ke5 Rh7 58. Bf3 Re7+ 59. Kf4 Rd6 60. Ra8+ Kb6 61. Rb8+ Ka7 62. Rxb4 Rf6+ 63. Kg3 Rg7+ 64. Bg4 Rb6 65. Rc4 Rb3+ 66. Kf4 Rgb7 67. Ke5 R3b5+ 68. Kd4 Rb4 69. Be2 Rd7+ 70. Kc3 Rxc4+ 71. Bxc4 Rd6 72. Kb4 Rc6 73. Bd5 Rc7 74. Rg6 Rc1 75. Rg7+ Kb8 76. Bc4 a5+ 77. Kb5 a4 78. Bd5 a3 79. Kb4 Rd1 80. Bb3 Ra1 81. Rg2 Kc7 82. Ba2 Kd6 83. Kxa3 Ke5 84. Kb4 Rc1 85. Bc4 Kd4 86. Rd2+ Ke3 87. Rd8 Ra1 88. Kc5 Ra5+ 89. Bb5 Ra1 90. Re8+ Kf4 91. Kd4 Kf5 92. Bd3+ Kf6 93. Rf8+ Ke7 94. Rf3 Ra5 95. Bc4 Rh5 96. Bd5 Rh4+ 97. Kc5 Rh7 98. Rf5 Rg7 99. Kd4 Kd6 100. Rf6+ Ke7 101. Re6+ Kf7 102. Ra6+ Ke7 103. Be6 Rg5 104. Ke4 Rg1 105. Bf5 Re1+ 106. Kd5 Kf7 107. Be4 Re3 108. Ke5 Re1 109. Ra7+ Ke8 110. Kd5 Kf8 111. Rb7 Re2 112. Bf5 Re7 113. Rb6 Kf7 114. Rb1 Kf6 115. Be4 Rd7+ 116. Kc6 Rd2 117. Bd5 Ke5 118. Re1+ Kf4 119. Kd6 Rf2 120. Re4+ Kf5 121. Ra4 Rd2 122. Ra8 Kf4 123. Rf8+ Ke3 124. Ke5 Rf2 125. Ra8 Rd2 126. Rh8 Kd3 127. Rh3+ Kc2 128. Kd6 Rd4 129. Kc5 Rf4 130. Bc4 Kd2 131. Rd3+ Ke1 132. Rh3 Kd2 133. Bd5 Ke2 134. Kd6 Kd2 135. Ke5 1/2-1/2

[Event "1st Chartres GM 2020"]
[Site "Chartres"]
[Date "2020.10.01"]
[Round "3.1"]
[White "Lamard, Guillaume"]
[Black "Dardha, Daniel"]
[Result "0-1"]
[ECO "B23"]
[WhiteElo "2486"]
[BlackElo "2468"]
[Annotator "ChessBase"]
[PlyCount "34"]
[EventDate "2020.09.30"]
[EventType "tourn"]
[EventCountry "FRA"]
[SourceTitle "playchess.com"]
[Source "ChessBase"]
[SourceQuality "1"]
[TimeControl "5400+30"]

1. e4 c5 2. Nc3 g6 3. Bc4 Bg7 4. d3 Nc6 5. a3 e6 6. Nf3 Nge7 7. O-O d5 8. exd5 exd5 9. Ba2 h6 10. Re1 O-O 11. Bf4 g5 12. Bg3 Bg4 13. h3 Bh5 14. Bh2 f5 15. g4 fxg4 16. Ne5 g3 17. Qxh5 gxh2+ 0-1

[Event "1st Chartres GM 2020"]
[Site "Chartres"]
[Date "2020.10.01"]
[Round "3.2"]
[White "Stephan, Victor"]
[Black "Maurizzi, Marc Andria"]
[Result "0-1"]
[ECO "E46"]
[WhiteElo "2439"]
[BlackElo "2433"]
[Annotator "ChessBase"]
[PlyCount "68"]
[EventDate "2020.09.30"]
[EventType "tourn"]
[EventCountry "FRA"]
[SourceTitle "playchess.com"]
[Source "ChessBase"]
[SourceQuality "1"]
[TimeControl "5400+30"]

1. d4 Nf6 2. c4 e6 3. Nc3 Bb4 4. e3 O-O 5. Nge2 c6 6. a3 Ba5 7. Ng3 d5 8. Bd3 dxc4 9. Bxc4 Nbd7 10. O-O e5 11. Ba2 Bc7 12. Qf3 Nb6 13. Nge4 Nxe4 14. Nxe4 exd4 15. exd4 Qxd4 16. Re1 Qe5 17. Qg3 Qxg3 18. hxg3 Nd5 19. Bd2 Bf5 20. Rac1 Rad8 21. Bg5 f6 22. Nc3 Bb6 23. Be3 Bxe3 24. Rxe3 Rd7 25. Bb3 Rfd8 26. Nxd5 cxd5 27. Ba4 Rf7 28. Be8 Rf8 29. Ba4 Bd7 30. Re7 Bxa4 31. Rcc7 Kh8 32. Rxg7 Bc2 33. Rge7 Bg6 34. Rxb7 d4 0-1

[Event "1st Chartres GM 2020"]
[Site "Chartres"]
[Date "2020.10.01"]
[Round "3.3"]
[White "Duboue, Peio"]
[Black "Vlachos, Anatole"]
[Result "1-0"]
[ECO "C45"]
[WhiteElo "2439"]
[BlackElo "2437"]
[Annotator "ChessBase"]
[PlyCount "61"]
[EventDate "2020.09.30"]
[EventType "tourn"]
[EventCountry "FRA"]
[SourceTitle "playchess.com"]
[Source "ChessBase"]
[SourceQuality "1"]
[TimeControl "5400+30"]

1. e4 e5 2. Nf3 Nc6 3. d4 exd4 4. Nxd4 Bc5 5. Be3 Qf6 6. c3 Nge7 7. g3 d5 8. Bg2 dxe4 9. O-O Bxd4 10. cxd4 Bf5 11. Nc3 O-O-O 12. f3 Nxd4 13. fxe4 Qe5 14. Qa4 Be6 15. Qxa7 Nec6 16. Qa8+ Kd7 17. Qxb7 Rb8 18. Qa6 Rxb2 19. Rad1 Rb4 20. Rf2 Rd8 21. Bf4 Qc5 22. Nd5 Rc4 23. Bxc7 Ne2+ 24. Kf1 Ncd4 25. Bb6 Rc1 26. Qa4+ Qc6 27. Qa7+ Kd6 28. Qe7+ Ke5 29. Qg5+ f5 30. Qxg7+ Kd6 31. e5# 1-0

[Event "1st Chartres GM 2020"]
[Site "Chartres"]
[Date "2020.10.01"]
[Round "3.4"]
[White "Fedorchuk, Sergey A."]
[Black "Loiseau, Quentin"]
[Result "1-0"]
[ECO "B83"]
[WhiteElo "2615"]
[BlackElo "2457"]
[Annotator "ChessBase"]
[PlyCount "71"]
[EventDate "2020.09.30"]
[EventType "tourn"]
[EventCountry "FRA"]
[SourceTitle "playchess.com"]
[Source "ChessBase"]
[SourceQuality "1"]
[TimeControl "5400+30"]

1. e4 c5 2. Nf3 e6 3. d4 cxd4 4. Nxd4 Nf6 5. Nc3 Nc6 6. a3 d6 7. Be3 Be7 8. Be2 O-O 9. O-O e5 10. Nf3 h6 11. Bc4 Be6 12. Qd3 Rc8 13. Nd5 Qd7 14. Rad1 Rfd8 15. h3 Rb8 16. Rfe1 Kf8 17. b4 b5 18. Bb3 Qb7 19. Nd2 Rbc8 20. c4 bxc4 21. Bxc4 Nb8 22. Nxf6 Bxf6 23. Rc1 Bxc4 24. Nxc4 Qa6 25. Qd5 Be7 26. Rc3 Nd7 27. b5 Qa4 28. Nxd6 Bxd6 29. Qxd6+ Ke8 30. Rec1 Rxc3 31. Rxc3 Qxb5 32. Rc7 Qb1+ 33. Kh2 Qxe4 34. Bc5 Qf4+ 35. g3 Qf6 36. Rxd7 1-0

[Event "1st Chartres GM 2020"]
[Site "Chartres"]
[Date "2020.10.01"]
[Round "3.5"]
[White "Guliyev, Namig"]
[Black "David, Alberto"]
[Result "1/2-1/2"]
[ECO "B17"]
[WhiteElo "2529"]
[BlackElo "2520"]
[Annotator "ChessBase"]
[PlyCount "43"]
[EventDate "2020.09.30"]
[EventType "tourn"]
[EventCountry "FRA"]
[SourceTitle "playchess.com"]
[Source "ChessBase"]
[SourceQuality "1"]
[TimeControl "5400+30"]

1. e4 c6 2. d4 d5 3. Nc3 dxe4 4. Nxe4 Nd7 5. Nf3 Ngf6 6. Nxf6+ Nxf6 7. c3 Bg4 8. h3 Bxf3 9. Qxf3 e6 10. g3 Qd5 11. Bg2 Be7 12. O-O Qxf3 13. Bxf3 O-O 14. c4 Rfd8 15. Rd1 Rd7 16. Be3 Bd8 17. Rd3 Bb6 18. Rad1 Rad8 19. Be2 h6 20. Kg2 Kf8 21. b3 Ke7 22. h4 1/2-1/2

[Event "1st Chartres GM 2020"]
[Site "Chartres"]
[Date "2020.10.01"]
[Round "4.2"]
[White "Duboue, Peio"]
[Black "Guliyev, Namig"]
[Result "1/2-1/2"]
[ECO "C41"]
[WhiteElo "2439"]
[BlackElo "2529"]
[Annotator "ChessBase"]
[PlyCount "22"]
[EventDate "2020.09.30"]
[EventType "tourn"]
[EventCountry "FRA"]
[SourceTitle "playchess.com"]
[Source "ChessBase"]
[SourceQuality "1"]
[TimeControl "5400+30"]

1. e4 e5 2. Nf3 Nf6 3. Nc3 d6 4. d4 Nbd7 5. g3 Be7 6. Bg2 O-O 7. O-O c6 8. a4 Qc7 9. h3 Re8 10. Re1 b6 11. Kh2 a6 1/2-1/2

[Event "1st Chartres GM 2020"]
[Site "Chartres"]
[Date "2020.10.01"]
[Round "4.3"]
[White "Vlachos, Anatole"]
[Black "Maurizzi, Marc Andria"]
[Result "0-1"]
[ECO "A03"]
[WhiteElo "2437"]
[BlackElo "2433"]
[Annotator "ChessBase"]
[PlyCount "70"]
[EventDate "2020.09.30"]
[EventType "tourn"]
[EventCountry "FRA"]
[SourceTitle "playchess.com"]
[Source "ChessBase"]
[SourceQuality "1"]
[TimeControl "5400+30"]

1. f4 d5 2. Nf3 Nf6 3. g3 e6 4. Bg2 Be7 5. O-O O-O 6. d3 b5 7. Ne5 Bb7 8. a4 b4 9. a5 c5 10. e4 Nfd7 11. exd5 exd5 12. Ng4 Na6 13. f5 Nf6 14. Nd2 Nxg4 15. Qxg4 Bf6 16. Nf3 b3 17. c3 d4 18. cxd4 cxd4 19. Qh5 Nc5 20. g4 Nxd3 21. Ng5 Bxg5 22. Bxg5 Qd7 23. Qh3 Bxg2 24. Qxg2 Rac8 25. Qg3 Nc5 26. f6 Rfe8 27. Rae1 Ne4 28. Qf4 Qd5 29. h4 d3 30. fxg7 d2 31. Rd1 Nxg5 32. hxg5 Re2 33. Qg3 Rce8 34. a6 R8e3 35. Qe5 Qg2# 0-1

[Event "1st Chartres GM 2020"]
[Site "Chartres"]
[Date "2020.10.01"]
[Round "4.4"]
[White "David, Alberto"]
[Black "Lamard, Guillaume"]
[Result "1-0"]
[ECO "D23"]
[WhiteElo "2520"]
[BlackElo "2486"]
[Annotator "ChessBase"]
[PlyCount "87"]
[EventDate "2020.09.30"]
[EventType "tourn"]
[EventCountry "FRA"]
[SourceTitle "playchess.com"]
[Source "ChessBase"]
[SourceQuality "1"]
[TimeControl "5400+30"]

1. d4 d5 2. c4 c6 3. Nf3 Nf6 4. Qb3 dxc4 5. Qxc4 Bf5 6. g3 e6 7. Bg2 Be7 8. O-O O-O 9. e3 Nbd7 10. Rd1 Rc8 11. Qe2 Bg6 12. Nc3 b5 13. b3 Qa5 14. Bb2 b4 15. Na4 Rc7 16. h3 Qb5 17. Qe1 Be4 18. Rac1 Qb7 19. Nc5 Nxc5 20. dxc5 a5 21. Nd2 Bxg2 22. Kxg2 Nd7 23. Ne4 Qb5 24. Qd2 Rd8 25. Nd6 Qb8 26. e4 Bxd6 27. Qxd6 Rcc8 28. Qe7 Nf8 29. Be5 Qa8 30. Qg5 Ng6 31. Bd6 Qa6 32. Rd2 Qb7 33. h4 f6 34. Qg4 Qd7 35. h5 Ne5 36. Bxe5 Qxd2 37. Bxf6 Rd7 38. Bg5 Qd4 39. Qxe6+ Kh8 40. Rc4 Qd1 41. h6 Rf8 42. hxg7+ Rxg7 43. Bf6 Qe2 44. Rd4 1-0

[Event "1st Chartres GM 2020"]
[Site "Chartres"]
[Date "2020.10.01"]
[Round "4.5"]
[White "Loiseau, Quentin"]
[Black "Stephan, Victor"]
[Result "1/2-1/2"]
[ECO "C42"]
[WhiteElo "2457"]
[BlackElo "2439"]
[Annotator "ChessBase"]
[PlyCount "36"]
[EventDate "2020.09.30"]
[EventType "tourn"]
[EventCountry "FRA"]
[SourceTitle "playchess.com"]
[Source "ChessBase"]
[SourceQuality "1"]
[TimeControl "5400+30"]

1. e4 e5 2. Nf3 Nf6 3. Nxe5 d6 4. Nd3 Nxe4 5. Qe2 Qe7 6. Nf4 Nc6 7. Nd5 Nd4 8. Nxe7 Nxe2 9. Nd5 Nd4 10. Bd3 Nc5 11. Nxc7+ Kd7 12. Nxa8 Nxd3+ 13. cxd3 Nc2+ 14. Kd1 Nxa1 15. b4 b5 16. Bb2 Bb7 17. Rg1 Nb3 18. Nb6+ axb6 1/2-1/2

[Event "1st Chartres GM 2020"]
[Site "Chartres"]
[Date "2020.10.02"]
[Round "5.1"]
[White "Maurizzi, Marc Andria"]
[Black "Loiseau, Quentin"]
[Result "0-1"]
[ECO "B45"]
[WhiteElo "2433"]
[BlackElo "2457"]
[Annotator "ChessBase"]
[PlyCount "84"]
[EventDate "2020.09.30"]
[EventType "tourn"]
[EventCountry "FRA"]
[SourceTitle "playchess.com"]
[Source "ChessBase"]
[SourceQuality "1"]
[TimeControl "5400+30"]

1. e4 c5 2. Nf3 Nc6 3. Nc3 e6 4. d4 cxd4 5. Nxd4 Nf6 6. g3 Bb4 7. Bg2 Qb6 8. Nb3 d5 9. exd5 Nxd5 10. O-O Nxc3 11. bxc3 Bxc3 12. Ba3 Bb4 13. Bb2 O-O 14. a4 Rd8 15. Qe2 a5 16. Rfd1 Bd7 17. Qg4 Bf8 18. Bf6 Ne7 19. Qg5 h6 20. Qc5 Qxc5 21. Nxc5 Bc6 22. Bxe7 Bxe7 23. Bxc6 bxc6 24. Rxd8+ Rxd8 25. Nb7 Rd2 26. Nxa5 Rxc2 27. Nb7 Rb2 28. Na5 Bc5 29. Rf1 Rc2 30. Kg2 Bb6 31. Nb7 Ra2 32. Rc1 Bxf2 33. Rc4 Rb2 34. Kf3 Rxb7 35. Kxf2 Rb2+ 36. Ke3 Rxh2 37. Kd4 Rg2 38. Kc5 Rxg3 39. a5 Ra3 40. Kb6 g5 41. Rc5 g4 42. a6 g3 0-1

[Event "1st Chartres GM 2020"]
[Site "Chartres"]
[Date "2020.10.02"]
[Round "5.2"]
[White "Stephan, Victor"]
[Black "Dardha, Daniel"]
[Result "0-1"]
[ECO "A46"]
[WhiteElo "2439"]
[BlackElo "2468"]
[Annotator "ChessBase"]
[PlyCount "170"]
[EventDate "2020.09.30"]
[EventType "tourn"]
[EventCountry "FRA"]
[SourceTitle "playchess.com"]
[Source "ChessBase"]
[SourceQuality "1"]
[TimeControl "5400+30"]

1. d4 Nf6 2. Nf3 b6 3. Bg5 e6 4. e3 Bb7 5. Nbd2 Be7 6. Bd3 c5 7. c3 cxd4 8. cxd4 h6 9. Bh4 d6 10. Qe2 Nbd7 11. Rc1 O-O 12. Ba6 Bxa6 13. Qxa6 e5 14. O-O e4 15. Ne1 d5 16. Nc2 Qc8 17. Nb4 Qxa6 18. Nxa6 Rac8 19. Nb1 Bd6 20. Nc3 g5 21. Bg3 Bxg3 22. fxg3 Rc4 23. b3 Rc6 24. Nb4 Rd6 25. Nb5 Re6 26. Nxa7 Kg7 27. Rc7 Rd6 28. Nb5 Re6 29. h3 Rd8 30. g4 Nf8 31. a4 Ng6 32. Rfc1 h5 33. gxh5 Nxh5 34. Rb7 g4 35. hxg4 Nf6 36. Rcc7 Nxg4 37. Rxf7+ Kh6 38. Nc2 Rc8 39. Rfc7 Rf8 40. Rf7 Rxf7 41. Rxf7 Rc6 42. Rc7 Rf6 43. Nc3 Rf2 44. Nxd5 Nh4 45. Nf4 Rd2 46. Ne1 Nf5 47. Rc6+ Kh7 48. Nd5 Kg7 49. Rc7+ Kf8 50. Rc1 Ng3 51. Nf4 Rf2 52. Nf3 exf3 53. gxf3 Rxf3 54. Rc8+ Kf7 55. Rc7+ Kg8 56. Nd5 Rf2 57. Ne7+ Kf8 58. Ng6+ Ke8 59. Nf4 Ne4 60. Nd5 Ng5 61. Rc8+ Kf7 62. Rh8 Nf3+ 63. Kh1 Ke6 64. Nf4+ Kf6 65. Nd3 Rf1+ 66. Kg2 Nxe3+ 67. Kg3 Kg7 68. Rb8 Nxd4 69. Rxb6 Rf3+ 70. Kh2 Ng4+ 71. Kg2 Rxd3 72. a5 Nxb3 73. a6 Nc5 74. Rb5 Ne6 75. Rb4 Nf6 76. Ra4 Rd8 77. a7 Ra8 78. Kf3 Kf7 79. Ke3 Ke7 80. Ra1 Kd6 81. Kd3 Nc5+ 82. Kc4 Kc6 83. Ra3 Nfd7 84. Ra1 Nb6+ 85. Kb4 Nba4 0-1

[Event "1st Chartres GM 2020"]
[Site "Chartres"]
[Date "2020.10.02"]
[Round "5.3"]
[White "Lamard, Guillaume"]
[Black "Duboue, Peio"]
[Result "1/2-1/2"]
[ECO "A09"]
[WhiteElo "2486"]
[BlackElo "2439"]
[Annotator "ChessBase"]
[PlyCount "39"]
[EventDate "2020.09.30"]
[EventType "tourn"]
[EventCountry "FRA"]
[SourceTitle "playchess.com"]
[Source "ChessBase"]
[SourceQuality "1"]
[TimeControl "5400+30"]

1. Nf3 d5 2. g3 g6 3. c4 d4 4. b4 Bg7 5. d3 e5 6. Bg2 Ne7 7. Bb2 O-O 8. O-O a5 9. b5 c5 10. Nbd2 Ra7 11. Qc2 b6 12. Rae1 Rd7 13. Ne4 h6 14. e3 f5 15. Ned2 g5 16. exd4 exd4 17. Ne5 Bxe5 18. Rxe5 Ng6 19. Ree1 Re8 20. Nf3 1/2-1/2

[Event "1st Chartres GM 2020"]
[Site "Chartres"]
[Date "2020.10.02"]
[Round "5.5"]
[White "Guliyev, Namig"]
[Black "Vlachos, Anatole"]
[Result "1-0"]
[ECO "C49"]
[WhiteElo "2529"]
[BlackElo "2437"]
[Annotator "ChessBase"]
[PlyCount "181"]
[EventDate "2020.09.30"]
[EventType "tourn"]
[EventCountry "FRA"]
[SourceTitle "playchess.com"]
[Source "ChessBase"]
[SourceQuality "1"]
[TimeControl "5400+30"]

1. e4 e5 2. Nf3 Nc6 3. Nc3 Nf6 4. Bb5 Bb4 5. O-O O-O 6. d3 d6 7. Ne2 Ne7 8. c3 Bc5 9. d4 Bb6 10. Ng3 Ng6 11. h3 exd4 12. cxd4 d5 13. Bg5 h6 14. Bxf6 Qxf6 15. exd5 Nf4 16. Qb3 h5 17. Rfe1 h4 18. Ne4 Qh6 19. Neg5 Qd6 20. Bc4 Bd7 21. Rad1 Rae8 22. Re5 Ba5 23. Ne4 Qh6 24. Qe3 Bb4 25. Rxe8 Rxe8 26. Ne5 Re7 27. Nxd7 Rxd7 28. Nf6+ Qxf6 29. Qe8+ Kh7 30. Qxd7 Bd6 31. Qg4 g6 32. Bb3 Kg7 33. Kf1 a5 34. Qf3 Qd8 35. a4 Qa8 36. Bc4 Qe8 37. b3 Qd8 38. Re1 Qg5 39. Qg4 Qd8 40. Re3 f5 41. Qf3 Qf6 42. Re1 Qxd4 43. Kg1 Qf6 44. Bf1 b6 45. Bb5 Qd4 46. Rd1 Qe5 47. Kf1 Bc5 48. Re1 Qd4 49. Rc1 Kh7 50. Rd1 Qe5 51. Bc6 Nh5 52. d6 cxd6 53. Qd5 Qf4 54. Qf7+ Ng7 55. Bf3 Qe5 56. Qc4 g5 57. Qe2 Qc3 58. Bd5 Qe5 59. Qf3 Kg6 60. Bc4 Qb2 61. Re1 Bb4 62. Rd1 Bc5 63. Bd3 Kf6 64. Rb1 Qd2 65. Re1 Bb4 66. Rd1 Qb2 67. Bc4 Kg6 68. Kg1 Qe5 69. Rd5 Qe1+ 70. Kh2 Bc3 71. Rxd6+ Kh7 72. Rd1 Be5+ 73. g3 hxg3+ 74. fxg3 Qb4 75. Qd5 Qc3 76. Qd3 Qb2+ 77. Qd2 Qxd2+ 78. Rxd2 Nh5 79. Rd3 Kg7 80. Kg2 Kf6 81. Ba6 Bb8 82. Bc8 Ke5 83. Rd8 Kf6 84. Rf8+ Ke7 85. Rxf5 Nxg3 86. Rxg5 Ne4 87. Rg7+ Kd6 88. h4 Kc5 89. h5 Be5 90. Rg6 Nd2 91. h6 1-0